Map: [ESL] Goldenaura

Players

Nice

  • Race: Protoss Protoss
  • Spawn Location: 5:00

GuMiho - Winner!

  • Race: Terran Terran
  • Spawn Location: 12:00

Event: ESL Spring 2024 Finals

VOD

Have the link to the VOD?

Description

Time

  • Played on: June 1, 2024, 10:28 a.m.
  • Length: 10:33

All games in this series

Show
View Real Time Build Order
Export as new Build Order

Nice Protoss 

Build Orders: 1 Gate Expand 

Get SALT Encoding   

  12  0:00  Probe  
  13  0:12  Probe  
  14  0:18  Pylon  
  14  0:24  Probe (Chrono Boost)  
  15  0:37  Gateway, Probe (Chrono Boost)  
  16  0:43  Probe  
  16  0:46  Assimilator  
  17  0:55  Probe  
  18  1:07  Probe  
  19  1:19  Probe  
  20  1:26  Cybernetics Core  
  20  1:34  Nexus  
  20  1:40  Pylon  
  20  1:47  Assimilator  
  20  1:49  Probe  
  21  2:00  Adept (Chrono Boost)  
  21  2:01  Probe  
  21  2:05  Shield Battery  
  24  2:21  Stalker (Chrono Boost)  
  22  2:25  Probe  
  25  2:35  Warp Gate  
  25  2:37  Probe  
  26  2:45  Robotics Facility  
  26  2:49  Probe  
  28  2:51  Probe  
  28  2:57  Stalker (Chrono Boost)  
  30  3:07  Shield Battery  
  30  3:14  Shield Battery  
  30  3:21  Stalker  
  32  3:36  Immortal (Chrono Boost)  
  36  3:52  Gateway  
  36  3:59  Pylon  
  36  4:12  Immortal (Chrono Boost)  
  40  4:23  Stalker  
  42  4:46  Warp Prism  
  42  4:47  Stalker  
  35  5:07  Stalker  
  36  5:19  Stalker  
  36  5:31  Stalker  
  36  5:38  Gateway  
  36  5:47  Pylon  
  27  6:34  Probe x2 (Chrono Boost)  
  26  6:45  Probe x2 (Chrono Boost), Pylon  
  27  6:49  Stalker  
  27  6:50  Probe x2 (Chrono Boost)  
  31  7:00  Probe (Chrono Boost)  
  33  7:05  Probe (Chrono Boost)  
  33  7:09  Stalker  
  33  7:10  Probe (Chrono Boost)  
  33  7:14  Probe (Chrono Boost)  
  33  7:15  Probe (Chrono Boost)  
  35  7:25  Probe (Chrono Boost)  
  36  7:35  Probe (Chrono Boost)  
  38  7:37  Probe (Chrono Boost)  
  38  7:40  Pylon  
  38  7:42  Probe (Chrono Boost)  
  38  7:44  Probe (Chrono Boost)  
  38  7:51  Probe  
  38  7:52  Robotics Bay  
  38  7:54  Probe  
  39  8:06  Warp Prism  
  39  8:10  Probe (Chrono Boost)  
  43  8:18  Probe (Chrono Boost)  
  44  8:20  Probe (Chrono Boost)  
  44  8:25  Probe (Chrono Boost)  
  46  8:27  Probe (Chrono Boost)  
  46  8:36  Probe (Chrono Boost)  
  46  8:40  Gravitic Drive, Probe (Chrono Boost)  
  46  8:41  Probe (Chrono Boost)  
  48  8:44  Adept  
  51  8:51  Probe  
  51  8:53  Probe  
  59  9:00  Disruptor (Chrono Boost)  
  57  9:04  Stalker x2, Probe  
  57  9:09  Stalker  
  62  9:14  Shield Battery  
  60  9:32  Probe x2  
  60  9:36  Disruptor (Chrono Boost)  
  66  9:44  Probe x2  
  66  9:50  Pylon  
  64  9:56  Probe x2  
  64  9:57  Zealot x3  
  64  10:08  Probe x2  
  58  10:20  Probe  
  57  10:21  Stalker, Zealot  
  57  10:22  Zealot  
Show
View Real Time Build Order
Export as new Build Order

GuMiho Terran - Winner!

Build Orders: Liberator Opening 

Get SALT Encoding   

  12  0:00  SCV  
  13  0:12  SCV  
  14  0:18  Supply Depot  
  14  0:24  SCV  
  15  0:40  SCV, Barracks  
  16  0:46  Refinery  
  16  0:52  SCV  
  17  0:58  Refinery  
  17  1:04  SCV  
  18  1:16  SCV  
  19  1:27  Reaper  
  19  1:28  Orbital Command  
  20  1:36  Supply Depot  
  20  1:46  Factory  
  20  1:54  SCV  
  20  1:59  Supply Depot  
  21  2:06  SCV, Barracks Reactor  
  22  2:18  SCV  
  23  2:30  SCV, Starport  
  23  2:31  Factory Tech Lab  
  24  2:37  Armory  
  24  2:42  Marine x2  
  24  2:44  SCV  
  27  2:56  SCV  
  28  3:00  Marine x2  
  30  3:08  Medivac  
  30  3:11  Supply Depot  
  32  3:23  Thor  
  32  3:24  Marine  
  39  3:32  Marine  
  40  3:34  Supply Depot  
  40  3:42  Marine  
  40  3:47  Supply Depot  
  41  3:50  Marine  
  41  3:54  Liberator  
  45  4:00  Marine  
  46  4:08  Siege Tank, Marine  
  50  4:23  Marine  
  50  4:25  Marine  
  45  4:40  Siege Tank  
  45  4:41  Marine  
  45  4:43  Marine  
  42  5:02  Marine x2  
  44  5:08  Medivac  
  43  5:19  Siege Tank  
  43  5:20  Marine x2  
  38  5:35  Barracks  
  38  5:38  Marine x2  
  39  5:54  Barracks  
  34  6:14  SCV  
  35  6:26  SCV  
  35  6:31  Barracks Tech Lab  
  36  6:38  SCV  
  34  6:41  Command Center  
  34  6:42  Barracks  
  34  6:45  Barracks Tech Lab  
  34  6:47  Bunker  
  34  6:50  SCV  
  34  6:53  Marauder, Stimpack  
  37  7:00  Starport  
  37  7:02  SCV  
  38  7:10  Siege Tank  
  38  7:14  SCV  
  41  7:22  Marauder  
  41  7:43  Barracks Reactor  
  41  7:44  Starport Reactor  
  41  7:45  SCV, Barracks Reactor  
  41  7:47  Siege Tank  
  45  7:54  Orbital Command  
  45  7:56  Combat Shield  
  45  8:03  SCV  
  40  8:11  Marauder x2  
  44  8:15  SCV  
  44  8:17  Orbital Command  
  45  8:23  Marine x4  
  49  8:31  SCV  
  50  8:35  Concussive Shells  
  50  8:39  Marine x2  
  50  8:41  Marine  
  53  8:43  SCV x2  
  53  8:48  Supply Depot  
  55  8:49  Supply Depot  
  55  8:53  Medivac  
  55  8:55  Medivac  
  59  8:57  SCV x2  
  59  9:02  Engineering Bay  
  61  9:04  Marine  
  61  9:09  Marine  
  65  9:10  Marauder  
  65  9:11  Marine x2  
  66  9:28  Marine x2  
  66  9:29  Marine, Marauder  
  71  9:31  Supply Depot  
  71  9:36  Supply Depot, SCV x2  
  73  9:54  Marine x3, Marauder  
  73  9:58  Marine, Marauder  
  76  10:12  Marine  
  73  10:16  SCV x2  
Tags
 
Add a new tag
Caveats
  • Supply blocks, unpowered buildings, or Contaminate may cause inaccurate times.
  • Supply counts are checked every 10 seconds.